 Dungeon Crawl Stone Soup version 0.15.0-14-g6bbbb5c (console) character file.

16 gw the Twirler (level 2, -1/17 HPs)
             Began as a Tengu Gladiator on Sept 4, 2014.
             Slain by a gnoll
             ... wielding a +0 flail
              (6 damage)
             ... on Level 2 of the Dungeon.
             The game lasted 00:00:16 (831 turns).

gw the Twirler (Tengu Gladiator)                     Turns: 831, Time: 00:00:16

HP  -1/17        AC  4     Str 15      XL: 2   Next: 54%
MP   3/3         EV 12     Int  8      God:
Gold 0           SH  0     Dex 14      Spells:  0 memorised,  1 level left

rFire  . . .     SeeInvis .     a - +0 quarterstaff
rCold  . . .     Clarity  .     b - +0 leather armour
rNeg   . . .     rCorr    .     (no shield)
rPois  .         rRot     .     e - +1 hat
rElec  .         Spirit   .     (no cloak)
SustAb .         Warding  .     (no gloves)
rMut   .         Stasis   .     (boots unavailable)
Gourm  .                        (no amulet)
MR     .....                    (no ring)
                                (no ring)

@: not resistant to hostile enchantments, very unstealthy
A: beak, talons 3
a: no special abilities


You were on level 2 of the Dungeon.
You were not hungry.

You visited 1 branch of the dungeon, and saw 2 of its levels.

Inventory:

Hand weapons
 a - a +0 quarterstaff (weapon)
Missiles
 d - 3 throwing nets
Armour
 b - a +0 leather armour (worn)
 e - a +1 hat (worn)
Comestibles
 f - a bread ration
 g - a meat ration
 h - 2 fruits
Potions
 c - a potion of heal wounds {unknown}


   Skills:
 + Level 2.0 Fighting
 * Level 3.8 Staves
 + Level 2.1 Throwing
 + Level 3.7 Dodging


You had one spell level left.
You didn't know any spells.

Dungeon Overview and Level Annotations

Branches:
Dungeon (2/15)

Altars:


Innate Abilities, Weirdness & Mutations

You have a beak for a mouth.
You have claws for feet.


Message History

You try to slip out of the net.
ATTACKING (0,-1)
You slip out of the net!
The gnoll throws a throwing net.
The throwing net closely misses you.
ATTACKING (0,-1) MOVING TO (-8,-1)
The gnoll barely misses you.
MOVING TO (-7,-1)
The gnoll hits you but does no damage.
ATTACKING (1,-1)
You closely miss the gnoll. You claw the gnoll.
The gnoll is heavily wounded.
The gnoll closely misses you. The gnoll hits you. The gnoll misses you.
ATTACKING (1,-1)
You barely miss the gnoll. You claw the gnoll. Your peck misses the gnoll.
The gnoll is severely wounded.
The gnoll hits you.
The gnoll hits you from afar with a spear.
The gnoll hits you with a flail.
You die...

..... #.........
#.......... ..........
####.......# #.........#
#...?.g...#
#..#.....g...# ##### .
........Qg...####<..###.#
..........(..............
..#........#.#.......#
#..........%..<....#
#........###.......#
#......(.# ##.....#...
#........# ##...## .
#..###### ##### #


You could see 3 gnolls.

Table legend:
 A = Turns spent in this place as a percentage of turns spent in the entire game.
 B = Non-inter-level travel turns spent in this place as a percentage of non-inter-level travel turns spent in the entire game.
 C = Inter-level travel turns spent in this place as a percentage of turns spent in this place.
 D = Turns resting spent in this place as a percentage of non-inter-level travel turns spent in this place.
 E = Turns spent auto-exploring this place as a percentage of non-inter-level travel turns spent in this place.
 F = Non-inter-level travel turns spent in this place divided by the number of levels of this place that you've seen.
                   A       B       C       D       E      F
               +-------+-------+-------+-------+-------+----------------------
         Total | 100.0 | 100.0 |   0.7 |   6.5 |  18.7 |  69.5
       Dungeon | 100.0 | 100.0 |   0.7 |   6.5 |  18.7 |  69.5
               +-------+-------+-------+-------+-------+----------------------

Table legend:
 A = Kills in this place as a percentage of kills in entire the game.
 B = Kills by you in this place as a percentage of kills by you in the entire game.
 C = Kills by friends in this place as a percentage of kills by friends in the entire game.
 D = Other kills in this place as a percentage of other kills in the entire game.
 E = Experience gained in this place as a percentage of experience gained in the entire game.
 F = Experience gained in this place divided by the number of levels of this place that you have seen.
                   A       B       C       D       E      F
               +-------+-------+-------+-------+-------+----------------------
         Total | 100.0 | 100.0 |  -nan |  -nan | 100.0 |  11.5
       Dungeon | 100.0 | 100.0 |  -nan |  -nan | 100.0 |  11.5
               +-------+-------+-------+-------+-------+----------------------

Vanquished Creatures
  A giant gecko (D:1)
  4 giant cockroaches (D:1)
  2 goblins (D:1)
  2 hobgoblins (D:1)
  3 bats
  A rat (D:2)
13 creatures vanquished.

Notes
Turn   | Place    | Note
--------------------------------------------------------------
     0 | D:1      | gw, the Tengu Gladiator, began the quest for the Orb.
     0 | D:1      | Reached XP level 1. HP: 12/12 MP: 1/1
   214 | D:1      | Reached XP level 2. HP: 17/17 MP: 3/3
   831 | D:2      | Slain by a gnoll

Action                   || total
-------------------------++-------
Melee: Quarterstaff      ||    35
  Use: Scroll            ||     1
       Potion            ||     1

Vault maps used:
D:1:      lightli_arrival_statuegarden
D:2:      okawaru_gym_becter
